[Event "Late-Titled-Tuesday-Blitz-October-17-2023"]
[Site "Chess.com"]
[Date "2023.10.17"]
[Round "7"]
[White "Lennis93"]
[Black "GM_dmitrij"]
[Result "0-1"]
[WhiteElo "2712"]
[BlackElo "3034"]
[TimeControl "180+1"]
[EndTime "15:16:20 PDT"]
[Termination "GM_dmitrij won by checkmate"]

1. c4 e5 2. g3 c6 3. Nf3 e4 4. Nh4 d5 5. cxd5 cxd5 6. d3 f5 7. dxe4 fxe4 8. Nc3 Nf6 9. Bg5 Bc5 10. e3 O-O 11. Rc1 Bb4 12. Ng2 Nc6 13. Nf4 d4 14. Bc4+ Kh8 15. exd4 Nxd4 16. Kf1 Bxc3 17. bxc3 Nf3 18.
Be2 Qxd1+ 19. Rxd1 Nxg5 20. h4 Ne6 21. Ng2 Nc5 22. Ne3 Be6 23. Rd4 Rad8 24. g4 Bxa2 25. g5 Nd5 26. Ng4 Nxc3 27. Rb4 a5 28. Rb6 Nxe2 29. Kxe2 Bc4+ 30. Ke1 Nd3+ 31. Kd2 Nxf2+ 32. Kc3 Nxh1 33. Kxc4 Ng3 34. Rxb7 Nf5 35. Ra7 e3 36. Rxa5 e2 37. Re5 Rde8 38. Rxe2 Rxe2 39. h5 Re4+ 40.
Kd5 Rxg4 41. Ke5 Rg1 42. h6 Re1+ 43. Kf4 Nh4+ 44. Kg4 Re4+ 45. Kh5 g6# 0-1

[Event "Late-Titled-Tuesday-Blitz-October-17-2023"]
[Site "Chess.com"]
[Date "2023.10.17"]
[Round "7"]
[White "Siemba"]
[Black "krzyzan94"]
[Result "0-1"]
[WhiteElo "2573"]
[BlackElo "2779"]
[TimeControl "180+1"]
[EndTime "15:16:22 PDT"]
[Termination "krzyzan94 won by resignation"]

1. e4 e5 2. Nf3 Nc6 3. Bc4 Nf6 4. d3 h6 5. Nc3 d6 6. a4 g6 7. a5 a6 8. O-O Bg7 9. Nd5 Nxd5 10. Bxd5 O-O 11. c3 Kh7 12. Re1 Ne7 13. d4 Nxd5 14.
exd5 f6 15. Ra4 Re8 16. dxe5 dxe5 17. Rb4 f5 18. h3 e4 19. Nh2 Qd6 20. Nf1 Rd8 21.
Re2 Rb8 22. Be3 Bd7 23. Rd2 Bb5 24. Ng3 Bd3 25. Rxd3 exd3 26. Bf4 Be5 27. Bxe5 Qxe5 28. Qxd3 Rxd5 29. Qc4 Rxa5 30. Qf7+ Qg7 31. Qb3 Rb5 32. Rxb5 axb5 33. Qxb5 c6 34. Qd3 Re8 35. Kh2 Qe5 36.
Kg1 Re7 37. Nf1 Qd5 38. Qc2 Re1 39. c4 Qd1 40. Qxd1 Rxd1 41. f3 Rb1 42. Kf2 Rxb2+ 43. Ke3 Rxg2 44. Kd4 Rf2 45. Ne3 Rxf3 46. Nc2 Rxh3 47.
Kc5 Rc3 48. Nd4 h5 49. Ne2 Re3 50. Nd4 Re4 51. Nb3 h4 52. Nd2 h3 53. Nf3 Kh6 54.
Kb6 Rxc4 0-1

[Event "Late-Titled-Tuesday-Blitz-October-17-2023"]
[Site "Chess.com"]
[Date "2023.10.17"]
[Round "7"]
[White "maurovargas01"]
[Black "ToddBryant"]
[Result "0-1"]
[WhiteElo "1906"]
[BlackElo "2312"]
[TimeControl "180+1"]
[EndTime "15:16:31 PDT"]
[Termination "ToddBryant won on time"]

1. e4 c5 2. Nc3 d6 3. f4 g6 4. Nf3 Bg7 5. Bb5+ Bd7 6. Bxd7+ Qxd7 7. d3 Nc6 8. O-O Nd4 9. Ne2 e6 10. c3 Nxe2+ 11. Qxe2 Ne7 12. Rb1 d5 13. e5 h5 14.
Ng5 Nf5 15. Bd2 Bh6 16. a3 Bxg5 17. fxg5 O-O 18. g4 hxg4 19. Qxg4 Qc7 20. Bf4 Kg7 21. Rf3 Rh8 22. Rbf1 Rh5 23. Bg3 Rah8 24. Bf4 Qb6 25.
R3f2 Rh4 26. Qe2 Qb3 27. Qc2 Rg4+ 28. Kh1 Qb6 29. Rg2 Rgh4 30. Qe2 d4 31. cxd4 cxd4 32. Rc1 Rxf4 33. Qd2 Ne3 34. Rgg1 Qb5 35. b4 Qd5+ 36. Rg2 Rfh4 37. Kg1 Qxg2+ 38. Qxg2 Nxg2 39. Kxg2 Rxh2+ 40. Kg3 R8h3+ 41. Kg4 Rxd3 42. Rc4 Re2 43. Kf4 Ree3 44. Rc7 Rxa3 0-1

[Event "Late-Titled-Tuesday-Blitz-October-17-2023"]
[Site "Chess.com"]
[Date "2023.10.17"]
[Round "7"]
[White "talaicito"]
[Black "GiorgianBarbosa"]
[Result "1-0"]
[WhiteElo "2239"]
[BlackElo "2364"]
[TimeControl "180+1"]
[EndTime "15:16:33 PDT"]
[Termination "talaicito won by checkmate"]

1. d4 Nf6 2. Nc3 c5 3. d5 d6 4. e4 g6 5. Be2 Bg7 6. Nf3 O-O 7.
Nd2 e6 8. O-O exd5 9. exd5 Na6 10. Nc4 Nc7 11. a4 b6 12. Bf4 Nce8 13. Re1 h5 14. Nb5 Ne4 15. Bf3 Qf6 16. Rxe4 Bf5 17. Re1 Bxc2 18. Qd2 Bb3 19. Bg5 Qf5 20. Ncxd6 Nxd6 21. Nxd6 Qd7 22. Be7 Rfb8 23. Ra3 Bxa4 24. Qf4 f5 25. Qxa4 Qxa4 26. Rxa4 Bxb2 27. Re6 Kh7 28. Nf7 b5 29. Ra2 Bg7 30. d6 b4 31. Bxa8 b3 32. Ng5+ Kh6 33. Bd5 b2 34. Nf7+ Kh7 35.
Rxb2 Rxb2 36. h4 Rd2 37. Bc4 a5 38. Re2 Rd1+ 39. Kh2 a4 40. Ra2 Kg8 41. Ng5+ Kh8 42. Rxa4 Be5+ 43. g3 f4 44. Ra8+ Kg7 45. Ne6+ Kf7 46.
Nxf4+ Kg7 47. Bf8+ Kh7 48. Ra7+ Kh8 49. Nxg6# 1-0

[Event "Late-Titled-Tuesday-Blitz-October-17-2023"]
[Site "Chess.com"]
[Date "2023.10.17"]
[Round "7"]
[White "Vigg-Sama"]
[Black "giomar27"]
[Result "0-1"]
[WhiteElo "2200"]
[BlackElo "2352"]
[TimeControl "180+1"]
[EndTime "15:16:36 PDT"]
[Termination "giomar27 won by resignation"]

1. e4 e5 2. Nf3 Nc6 3. Bc4 Nf6 4. d3 h6 5. O-O d6 6. a4 g5 7. Nc3 Bg7 8. a5 a6 9. d4 Bg4 10. dxe5 dxe5 11. Qxd8+ Rxd8 12. Nd5 Bxf3 13. gxf3 Nxd5 14. Bxd5 Nd4 15. c3 Nxf3+ 16. Kg2 c6 17. Bxc6+ bxc6 18. Kxf3 O-O 19. Be3 f5 20. exf5 Rxf5+ 21. Ke2 e4 22.
Ra4 Rb8 23. Bb6 Rb5 24. Rxe4 Rxb2+ 25. Kd3 Rb7 26. f4 Rd7+ 27. Kc4 Rc2 28. Bd4 Bxd4 29. Rxd4 Rxd4+ 30. Kxd4 Rxh2 31. fxg5 hxg5 32. Rf6 Ra2 33. Rf5 g4 34. Rg5+ Kf7 35. c4 g3 36. Rxg3 Rxa5 37.
Re3 Rf5 38. Ra3 a5 39. c5 a4 40. Ke4 Rh5 41. Kd4 Ke6 42. Re3+ Kd7 43. Kc4 Rh4+ 44. Kc3 Kc7 45. Re7+ Kd8 46. Ra7 Kc8 47. Kb2 Kb8 48. Ra6 Kb7 49. Rb6+ Kc7 50. Ra6 Rc4 51. Ka3 Rxc5 52.
Rxa4 Rb5 53. Rb4 Kb6 54. Kb3 Kc5 55. Rxb5+ Kxb5 0-1

[Event "Late-Titled-Tuesday-Blitz-October-17-2023"]
[Site "Chess.com"]
[Date "2023.10.17"]
[Round "7"]
[White "Alimpic"]
[Black "GianmarcoVaR"]
[Result "1-0"]
[WhiteElo "2526"]
[BlackElo "2693"]
[TimeControl "180+1"]
[EndTime "15:16:37 PDT"]
[Termination "Alimpic won on time"]

1. Nf3 Nf6 2. g3 d5 3. Bg2 Nc6 4. d4 Bf5 5. c3 e6 6. O-O h6 7. Bf4 Be7 8. Nbd2 O-O 9. Re1 Ne4 10. Nxe4 Bxe4 11. Nd2 Bxg2 12. Kxg2 Bd6 13. Bxd6 Qxd6 14. e4 e5 15. dxe5 Nxe5 16. Nf3 Nxf3 17. Qxf3 dxe4 18.
Rxe4 Rad8 19. Rd4 Qb6 20. Rb4 Qc6 21. Rxb7 Qxf3+ 22. Kxf3 Rfe8 23. Rxa7 Rd3+ 24. Kg2 Re2 25. Rxc7 Rdd2 26. Rf1 Rxb2 27. a4 Ra2 28. Rc4 h5 29. h4 g6 30. Rf4 Rec2 31. Rb1 f5 32. Rb7 Kf8 33. Ra7 Ke8 34. Rf3 Ra3 35. Re3+ Kf8 36. Rd3 Ke8 37. Re3+ Kf8 38. Re6 Raa2 39. Rf6+ Ke8 40.
Re6+ Kf8 41. Rf6+ Ke8 42. Rxg6 Rxf2+ 43. Kg1 Kf8 44. Rf6+ Ke8 45. Rb6 Rg2+ 46. Kf1 Rgf2+ 47. Ke1 1-0

[Event "Late-Titled-Tuesday-Blitz-October-17-2023"]
[Site "Chess.com"]
[Date "2023.10.17"]
[Round "7"]
[White "mind1mover"]
[Black "Msb2"]
[Result "0-1"]
[WhiteElo "2893"]
[BlackElo "3077"]
[TimeControl "180+1"]
[EndTime "15:16:38 PDT"]
[Termination "Msb2 won on time"]

1. Nf3 d5 2. b3 e6 3. Bb2 Nf6 4. c4 Bd6 5. cxd5 exd5 6. e3 O-O 7. Be2 c6 8. O-O Bg4 9. d3 Nbd7 10. Nbd2 Re8 11. h3 Bh5 12. a3 a5 13. Re1 h6 14.
Qc2 Bg6 15. Bf1 Qe7 16. Nd4 Rac8 17. Bc3 b6 18. Bb2 c5 19. Nb5 Bb8 20. Nf3 Nh7 21.
g3 Ng5 22. Nh4 Bh7 23. Qd1 Ne6 24. Bg2 Be5 25. d4 Bf6 26. Nf3 c4 27. a4 Qb4 28.
Nd2 Qf8 29. Bxd5 cxb3 30. Qxb3 Kh8 31. Rac1 Be7 32. Bc6 Rcd8 33. Nc4 Bb4 34. Bc3 Ng5 35. h4 Ne4 36. Bxb4 axb4 37. d5 Ndc5 38. Qxb4 Re7 39. Nxb6 Nd3 40. Qd4 Nexf2 41. d6 Re6 42. Nc4 Nxe1 43.
Rxe1 Nd3 44. Rd1 Nb4 45. Bg2 Nc2 46. Qc3 Qe8 47. Rd2 Nxe3 48. Nb6 Nxg2 49. Kxg2 Re2+ 50. Rxe2 Qxe2+ 51. Kg1 Be4 0-1

[Event "Late-Titled-Tuesday-Blitz-October-17-2023"]
[Site "Chess.com"]
[Date "2023.10.17"]
[Round "7"]
[White "sari07"]
[Black "protectiago"]
[Result "1-0"]
[WhiteElo "2323"]
[BlackElo "2077"]
[TimeControl "180+1"]
[EndTime "15:16:38 PDT"]
[Termination "sari07 won on time"]

1. Nf3 Nf6 2. c4 g6 3. Nc3 d5 4. cxd5 Nxd5 5. e4 Nxc3 6. dxc3 Qxd1+ 7. Kxd1 Bg7 8. h4 O-O 9. h5 Rd8+ 10. Kc2 Nd7 11. Bc4 Nc5 12. hxg6 hxg6 13. Ng5 e6 14. Be3 b6 15. Rad1 Ba6 16. Bxa6 Nxa6 17. f4 c5 18. e5 Nc7 19. c4 f6 20. exf6 Bxf6 21. Ne4 Kg7 22.
Nxf6 Kxf6 23. Bd2 Kf5 24. Rde1 Rd4 25. Re5+ Kf6 26. Bc3 Rxf4 27. Rxc5+ e5 28. Bxe5+ Ke6 29. Bxf4 bxc5 30. Bxc7 Rf8 31. Re1+ Kd7 32. Bg3 Rf5 33. Re5 Rf1 34. Rxc5 Rg1 35. Rd5+ Ke7 36. Rd2 Ke6 37.
c5 g5 38. c6 Rh1 39. c7 Rh8 40.
Rd8 Rh7 41. c8=Q+ Kf6 42. Rf8+ Kg6 43. Qe8+ 1-0

[Event "Late-Titled-Tuesday-Blitz-October-17-2023"]
[Site "Chess.com"]
[Date "2023.10.17"]
[Round "7"]
[White "rasmussvane"]
[Black "AradNazari"]
[Result "0-1"]
[WhiteElo "2971"]
[BlackElo "2917"]
[TimeControl "180+1"]
[EndTime "15:16:39 PDT"]
[Termination "AradNazari won on time"]

1. Nf3 c5 2. e3 g6 3. d4 cxd4 4. exd4 d5 5. Bd3 Bg7 6. c3 Nf6 7. h3 O-O 8. O-O Nc6 9. Bf4 a6 10. Nbd2 Bf5 11. Nb3 Bxd3 12. Qxd3 Ne4 13. Rae1 b5 14.
Nfd2 Nxd2 15. Qxd2 e6 16. g3 Qb6 17. Nc5 Rfe8 18. b4 a5 19. a3 axb4 20. axb4 Ne7 21.
h4 h5 22. Kg2 Qc6 23. Bh6 Ra3 24. Bxg7 Kxg7 25. Ra1 Rea8 26. Qb2 Rxa1 27. Rxa1 Nf5 28. Ra5 Nd6 29. Qa2 Rb8 30. Ra6 Rb6 31. Ra7 Ne4 32.
Qe2 Qd6 33. Qf3 Nf6 34. Qe3 Qc6 35. Qe5 Qd6 36. Nd7 Qxe5 37. Nxe5 Ne4 38. Rxf7+ Kg8 39.
Rc7 Ra6 40. Rc8+ Kg7 41. Rc7+ Kg8 42. Kf3 Ra2 43. Ke3 Rxf2 44. Nxg6 Rg2 45. Kf4 Rxg3 0-1

[Event "Late-Titled-Tuesday-Blitz-October-17-2023"]
[Site "Chess.com"]
[Date "2023.10.17"]
[Round "7"]
[White "Mykola-Bortnyk"]
[Black "Goryachkina"]
[Result "1-0"]
[WhiteElo "2977"]
[BlackElo "2648"]
[TimeControl "180+1"]
[EndTime "15:16:41 PDT"]
[Termination "Mykola-Bortnyk won on time"]

1. e4 e6 2. d4 d5 3. exd5 exd5 4. Nf3 Nc6 5. c4 Bb4+ 6. Bd2 Bxd2+ 7. Qxd2 Nge7 8.
Nc3 O-O 9. Be2 Bg4 10. cxd5 Nxd5 11. O-O Nce7 12. h3 Bxf3 13. Bxf3 c6 14. Rfe1 Qd6 15. Re5 Nxc3 16. bxc3 Ng6 17. Re4 Rfe8 18. Rb1 Rxe4 19. Bxe4 Qe7 20. Qe3 Re8 21. Bxg6 hxg6 22. Rxb7 Qxe3 23. fxe3 Rxe3 24. c4 Re4 25. Rd7 c5 26.
Kf2 cxd4 27. c5 Re6 28. Rd8+ Kh7 29. Rxd4 Rc6 30. Rc4 Kg8 31. Ke3 Kf8 32. Kd4 Ke7 33. Kd5 Kd7 34. Ra4 a6 35. Rf4 f6 36. Rg4 g5 37. Rb4 Kc7 38. Re4 Kb7 39. Re7+ Rc7 40. Rxc7+ Kxc7 41. c6 f5 42. Kc5 g4 43. hxg4 fxg4 44.
g3 1-0

[Event "Late-Titled-Tuesday-Blitz-October-17-2023"]
[Site "Chess.com"]
[Date "2023.10.17"]
[Round "7"]
[White "imdvb6307"]
[Black "TheMagician"]
[Result "0-1"]
[WhiteElo "2485"]
[BlackElo "2220"]
[TimeControl "180+1"]
[EndTime "15:16:42 PDT"]
[Termination "TheMagician won on time"]

1. d4 Nf6 2. Nf3 b6 3. g3 Bb7 4. Bg2 e6 5. O-O Be7 6. c4 O-O 7. Nc3 d5 8. cxd5 Nxd5 9. Qc2 Nd7 10. e4 Nxc3 11. bxc3 c5 12. Be3 cxd4 13. cxd4 Rc8 14. Qb1 Nf6 15. Ne5 Rc7 16. a4 Qa8 17. f3 Rfc8 18. Rf2 Nd7 19. Nxd7 Rxd7 20. a5 bxa5 21. Rxa5 a6 22. Bf1 Bf6 23. Qa1 Rdc7 24. Bxa6 Bxa6 25.
Rxa6 Qb7 26. Rb2 Rc1+ 27. Bxc1 Bxd4+ 28. Kh1 Bxb2 29. Bxb2 Qb3 30. Ra3 Qc2 31. Bxg7 f6 32. Bxf6 Qd2 33. Rc3 Rxc3 34. Qxc3 Qf2 35. Qc1 Qxf3+ 36.
Kg1 Qxf6 37. Qf4 Kg7 38. Qxf6+ Kxf6 39. Kf2 Ke5 40. Ke3 h5 41. h3 Kf6 42. Kf4 e5+ 43. Ke3 Kg5 44. Kd3 h4 45. g4 Kf4 46. Ke2 Kxe4 47.
Kf2 Kf4 48. Kg2 Ke4 49. Kf1 Kf4 50. Kf2 Ke4 51. Ke2 Kf4 0-1

[Event "Late-Titled-Tuesday-Blitz-October-17-2023"]
[Site "Chess.com"]
[Date "2023.10.17"]
[Round "7"]
[White "Nf3c5"]
[Black "Binary010"]
[Result "1/2-1/2"]
[WhiteElo "2616"]
[BlackElo "2805"]
[TimeControl "180+1"]
[EndTime "15:16:44 PDT"]
[Termination "Game drawn by repetition"]

1. d4 Nf6 2. Nf3 d5 3. Bg5 Ne4 4. Bf4 c5 5. Nbd2 Nc6 6. e3 Bg4 7.
Be2 Nxd2 8. Qxd2 e6 9. O-O Bd6 10. dxc5 Bxc5 11. h3 Bh5 12. Ne5 Bxe2 13. Qxe2 Bd6 14.
Nxc6 bxc6 15. Qa6 O-O 16. Bxd6 Qxd6 17. c4 Rfb8 18. cxd5 exd5 19. b3 Rb6 20. Qa5 g6 21. Rac1 Rb5 22. Qa6 Rb6 23. Qa4 a5 24. Rc2 Qb4 25.
Qxb4 axb4 26. Rfc1 Raa6 27. Kf1 Kf8 28. Ke2 Ke7 29.
Kd3 Kd6 30. Kd4 Rb5 31. e4 dxe4 32.
Kxe4 Re5+ 33. Kf3 Rf5+ 34. Kg3 h5 35. h4 Rfa5 36. Rd1+ Rd5 37. Rdc1 c5 38. Re1 Ra5 39.
Re8 Rd3+ 40. f3 Kd7 41. Rce2 Kc6 42. Rc8+ Kd7 43. Ree8 Rc3 44. Rcd8+ Kc6 45. Rd2 Ra7 46. Rc8+ Rc7 47. Rcd8 Re7 48. R8d6+ Kc7 49. Kf2 Rc1 50. R6d5 Kc6 51. Rd6+ Kc7 52. Ra6 Kb7 53. Rad6 Kc7 1/2-1/2

[Event "Late-Titled-Tuesday-Blitz-October-17-2023"]
[Site "Chess.com"]
[Date "2023.10.17"]
[Round "7"]
[White "Mariia89"]
[Black "scandalgod"]
[Result "1/2-1/2"]
[WhiteElo "2135"]
[BlackElo "2491"]
[TimeControl "180+1"]
[EndTime "15:16:46 PDT"]
[Termination "Game drawn by repetition"]

1. d4 d5 2. c4 c6 3. e3 Nf6 4.
Nc3 a6 5. Nf3 Bf5 6. a3 e6 7. b4 Nbd7 8. Bb2 Bd6 9. h3 h6 10.
g4 Be4 11. Bg2 dxc4 12. Nxe4 Nxe4 13. Qc2 c3 14. Bxc3 Nxc3 15. Qxc3 Qe7 16. Rc1 O-O 17. Ne5 a5 18. Rb1 axb4 19. axb4 Ra2 20. O-O Rfa8 21.
b5 R8a3 22. Rb3 Rxb3 23. Qxb3 Ra3 24. Qb2 cxb5 25. Qxb5 Bxe5 26. dxe5 b6 27. Rd1 Nf8 28. Qxb6 Ra2 29. Be4 Qh4 30. Bh7+ Nxh7 31. Rd8+ Nf8 32. Rxf8+ Kxf8 33. Qb8+ Ke7 34. Qd6+ Ke8 35. Qc6+ Kf8 36. Qc8+ Ke7 37. Qc7+ Ke8 38. Qc6+ Kd8 39. Qd6+ Kc8 40.
Qc6+ Kb8 41. Qb6+ Kc8 42. Qc6+ Kd8 43. Qd6+ Ke8 44. Qb8+ Kd7 45. Qb7+ Ke8 46. Qc6+ 1/2-1/2

[Event "Late-Titled-Tuesday-Blitz-October-17-2023"]
[Site "Chess.com"]
[Date "2023.10.17"]
[Round "7"]
[White "johnmez"]
[Black "miraitrunks"]
[Result "1-0"]
[WhiteElo "2305"]
[BlackElo "2199"]
[TimeControl "180+1"]
[EndTime "15:16:49 PDT"]
[Termination "johnmez won by checkmate"]

1. d4 d5 2. c4 Bf5 3. Nc3 e6 4.
cxd5 exd5 5. Qb3 Nc6 6. Nf3 Nb4 7. e4 dxe4 8. Ne5 Be6 9. Bc4 Bxc4 10. Qxc4 Nd3+ 11.
Nxd3 exd3 12. O-O Be7 13. Qb5+ Kf8 14. Qxd3 Nf6 15. Re1 Qd6 16. Bg5 Rd8 17. Rad1 h6 18. Bh4 Re8 19. Bg3 Qd7 20. Re2 Bd6 21. Rde1 Rxe2 22.
Rxe2 Bxg3 23. hxg3 g6 24. Qf3 Kg7 25. Qxb7 Qxd4 26.
Qxc7 Re8 27. Rxe8 Nxe8 28. Qe7 Nf6 29. Qe2 a5 30. a3 Nd5 31. Nxd5 Qxd5 32. Qc2 Kh7 33.
Kh2 h5 34. f3 Qe5 35. Qc3 Qd6 36. Qxa5 h4 37. Qg5 hxg3+ 38. Qxg3 Qd2 39. Qe5 Qh6+ 40. Kg3 Qd2 41. a4 f5 42. a5 Qc2 43. b4 g5 44.
Qe7+ Kg6 45. Qe6+ Kh7 46. Qf7+ Kh6 47. Qf6+ Kh5 48. Qh8+ Kg6 49. Qg8+ Kh5 50. Qh7# 1-0

[Event "Late-Titled-Tuesday-Blitz-October-17-2023"]
[Site "Chess.com"]
[Date "2023.10.17"]
[Round "7"]
[White "ferdipy"]
[Black "CraiggoryC"]
[Result "1-0"]
[WhiteElo "2372"]
[BlackElo "2209"]
[TimeControl "180+1"]
[EndTime "15:16:51 PDT"]
[Termination "ferdipy won on time"]

1. e4 e6 2. d4 d5 3. e5 c5 4. c3 Qb6 5. Nf3 Nc6 6. a3 Nh6 7. b4 cxd4 8. cxd4 Nf5 9. Be3 Nxe3 10. fxe3 f6 11. exf6 gxf6 12. Bd3 Bh6 13. Qe2 O-O 14. O-O e5 15. Nc3 Be6 16. Na4 Qc7 17. Nc5 Bg4 18. h3 Bxf3 19. Qxf3 e4 20. Qg4+ Kh8 21.
Be2 Bxe3+ 22. Kh1 Rg8 23. Qh4 Bxd4 24. Ne6 Qg3 25. Qxg3 Rxg3 26. b5 Bxa1 27. bxc6 Be5 28. cxb7 Rag8 29. Nc5 Rxg2 30. Bg4 Rh2+ 31. Kg1 h5 32.
Rf5 hxg4 33. Rxe5 fxe5 34. Kxh2 Rb8 35. hxg4 Kg7 36. Kg3 Kf7 37. Nd7 Rxb7 38. Nxe5+ Ke6 39. Nc6 Rb3+ 40. Kf4 Rf3+ 41. Kg5 Rxa3 42. Kh6 Rh3+ 43. Kg7 e3 44. g5 Kd6 45. Nd4 Ke5 46. Ne2 Ke4 47. g6 d4 48. Kf8 Rf3+ 49. Ke7 Rf2 50. Ng3+ Kd5 51. g7 e2 52. g8=Q+ Kc5 53. Qc8+ Kb6 54. Qd8+ Kb7 55. Qd5+ Kc8 56. Qc5+ Kb7 57. Qb5+ Kc8 58. Nxe2 1-0

[Event "Late-Titled-Tuesday-Blitz-October-17-2023"]
[Site "Chess.com"]
[Date "2023.10.17"]
[Round "7"]
[White "DanielDardha2005"]
[Black "NigelDwarf"]
[Result "1-0"]
[WhiteElo "2899"]
[BlackElo "2566"]
[TimeControl "180+1"]
[EndTime "15:16:52 PDT"]
[Termination "DanielDardha2005 won on time"]

1. a3 Nf6 2. Nf3 c5 3. b4 c4 4. e4 Nxe4 5. Bxc4 d5 6. Be2 Bf5 7. d3 Nf6 8. O-O e6 9. c4 a5 10. b5 Nbd7 11. Nc3 Rc8 12. Nd4 Bg6 13. cxd5 e5 14.
Nc6 bxc6 15. dxc6 Nb6 16. Be3 Nfd5 17. Nxd5 Nxd5 18. Bd2 Bc5 19. Bg4 f5 20. Bf3 O-O 21.
Bxa5 Qxa5 22. Bxd5+ Kh8 23. a4 Bf7 24. Qb3 Bxd5 25.
Qxd5 Bd4 26. Ra2 Rcd8 27. Qe6 f4 28. h3 f3 29. g3 Qc7 30. Kh2 Rf6 31. Qg4 Rdf8 32. a5 Rg6 33. Qd7 Qxd7 34. cxd7 Rd6 35. b6 Rxd7 36. Rc1 Rb8 37. Rac2 Kg8 38. Rc7 Rxc7 39.
Rxc7 Bxf2 40. b7 Ba7 41. Rc8+ Kf7 42. a6 Ke6 43. g4 Kd7 44. Rc1 Kd6 45. Kg3 Rf8 46.
Rc8 f2 47. Rxf8 Kd5 48. Rxf2 1-0

[Event "Late-Titled-Tuesday-Blitz-October-17-2023"]
[Site "Chess.com"]
[Date "2023.10.17"]
[Round "7"]
[White "dosto07"]
[Black "YouShallNotPass001"]
[Result "1-0"]
[WhiteElo "2508"]
[BlackElo "2393"]
[TimeControl "180+1"]
[EndTime "15:16:53 PDT"]
[Termination "dosto07 won by resignation"]

1. e4 c5 2. Nf3 g6 3. d4 cxd4 4.
Qxd4 Nf6 5. Nc3 Nc6 6. Qa4 d6 7. e5 dxe5 8. Nxe5 Bd7 9. Nxd7 Qxd7 10. Be2 Bg7 11. O-O O-O 12. Rd1 Qe6 13. Qc4 Qxc4 14.
Bxc4 Rfd8 15. Be3 Ng4 16. Bc5 b6 17. Ba3 Bd4 18. Ne4 e6 19. c3 Be5 20. h3 Nf6 21.
Nxf6+ Bxf6 22. Ba6 Rxd1+ 23. Rxd1 Rd8 24. Rxd8+ Bxd8 25.
Kf1 Be7 26. Bxe7 Nxe7 27. Bb7 f5 28. Ke2 e5 29. Kd3 Kf7 30. Kc4 Ke6 31. Kb5 Nd5 32. Ka6 e4 33. Kxa7 f4 34. c4 Nf6 35. Kxb6 g5 36.
c5 Ke5 37. c6 Ne8 38. c7 Nxc7 39. Kxc7 h5 40. f3 e3 41. Ba6 Kd4 42. b4 Kc3 43. a3 Kd2 44. Bc4 e2 45. Bxe2 Kxe2 46. b5 Kf2 47. b6 Kxg2 48. b7 Kxf3 49. b8=Q Kg3 50. Qg8 g4 51. Qb3+ f3 52. hxg4 hxg4 53. a4 Kg2 54. Qc4 g3 55. Qe4 Kf2 56. a5 g2 57.
Qd4+ Kg3 58. Qe5+ Kf2 59. Qc5+ Kg3 60. Qe3 Kh2 61. Qxf3 g1=Q 62. Qh5+ Kg3 63. Qg5+ Kf2 64. Qxg1+ Kxg1 65. a6 1-0

[Event "Late-Titled-Tuesday-Blitz-October-17-2023"]
[Site "Chess.com"]
[Date "2023.10.17"]
[Round "7"]
[White "Maksimus1998"]
[Black "alexrustemov"]
[Result "0-1"]
[WhiteElo "2616"]
[BlackElo "2827"]
[TimeControl "180+1"]
[EndTime "15:16:54 PDT"]
[Termination "alexrustemov won by resignation"]

1. d4 d5 2. Nf3 Nf6 3. e3 Bf5 4. Nbd2 e6 5. Nh4 Bg4 6. Be2 Bxe2 7. Qxe2 c5 8. O-O Nc6 9. Nhf3 Rc8 10. c3 Be7 11. dxc5 Bxc5 12. e4 O-O 13. e5 Nd7 14. Nb3 Bb6 15. Bf4 Nc5 16. Nxc5 Bxc5 17. Rad1 Qc7 18. Rfe1 h6 19. Qd2 Rfd8 20. a3 Bf8 21. Re3 Na5 22. Rd3 Qc4 23. Nd4 Nb3 24. Nxb3 Qxb3 25. Rg3 Kh8 26. Be3 Rc4 27. h3 Re4 28. Bd4 Qc4 29. Rd3 Bc5 30. b3 Qb5 31. a4 Qc6 32. b4 Bxd4 33. Rxd4 Rxd4 34. Qxd4 Ra8 35.
a5 a6 36. Rd3 Rc8 37. Rf3 Kg8 38. Qf4 Qd7 39. Rg3 Kf8 40. Qd2 Rc4 41. Qd3 g6 42. Qd2 Kg7 43. Rd3 Qc7 44. Re3 g5 45.
g3 Qc6 46. Rd3 Re4 47. Re3 Rc4 48. Rd3 Qa4 49. Rd4 Qa1+ 50. Kg2 Qxc3 51. Qxc3 Rxc3 52. h4 Rc4 53. Rxc4 dxc4 54. Kf3 gxh4 55. gxh4 Kg6 0-1

[Event "Late-Titled-Tuesday-Blitz-October-17-2023"]
[Site "Chess.com"]
[Date "2023.10.17"]
[Round "7"]
[White "Jarming"]
[Black "balachess2006"]
[Result "1-0"]
[WhiteElo "2796"]
[BlackElo "2595"]
[TimeControl "180+1"]
[EndTime "15:16:55 PDT"]
[Termination "Jarming won by resignation"]

1. c4 Nf6 2. g3 g6 3. Bg2 Bg7 4.
Nc3 O-O 5. Nf3 c6 6. O-O d5 7. cxd5 cxd5 8. d4 Ne4 9. Ne5 Nxc3 10. bxc3 Nc6 11. Nxc6 bxc6 12. Qa4 Bd7 13. Ba3 c5 14. Qa6 cxd4 15. cxd4 Rb8 16. Bc5 Bb5 17. Qxa7 Re8 18. a4 Bxe2 19. Rfe1 Bc4 20. Bxe7 Qc8 21. Qc5 Qd7 22.
Qd6 Qxd6 23. Bxd6 Rxe1+ 24. Rxe1 Ra8 25. Bc5 Bf6 26. Rb1 Kg7 27. Rb4 Re8 28. Rb1 Ra8 29.
Ra1 Bd8 30. Bf1 Kf6 31. h4 Ke6 32. Bh3+ f5 33. Re1+ Kf7 34. Ra1 Bb5 35. Bg2 Bc6 36. Bf3 Ke6 37. Bd1 Kd7 38. Bc2 Bc7 39. Re1 Bxa4 40. Re7+ Kc6 41. Bd3 Bb3 42. Rxh7 Ra1+ 43.
Kg2 Bd1 44. Rg7 Bh5 45. Rh7 f4 46. Bxg6 f3+ 47. Kh2 Bg4 48. Rh6 Kb7 49. Bh5 Bd7 50.
Bxf3 Bc6 51. h5 Ra2 52. Kg2 Ba5 53. Re6 Bd2 54. h6 Ra8 55. h7 Rh8 56. Re7+ Ka6 57. Rg7 Bh6 58. Rg6 1-0

[Event "Late-Titled-Tuesday-Blitz-October-17-2023"]
[Site "Chess.com"]
[Date "2023.10.17"]
[Round "7"]
[White "Bala-Afiada"]
[Black "tylityli"]
[Result "0-1"]
[WhiteElo "1914"]
[BlackElo "2342"]
[TimeControl "180+1"]
[EndTime "15:16:55 PDT"]
[Termination "tylityli won on time"]

1. d4 Nf6 2. c4 e6 3. g3 Bb4+ 4. Bd2 Nc6 5. Bg2 Qe7 6. Nf3 O-O 7.
O-O Bxd2 8. Nbxd2 d6 9. e4 e5 10. d5 Nb8 11. b4 a5 12. a3 Na6 13. Qb3 Bd7 14. Rfc1 axb4 15. axb4 c5 16. b5 Nb4 17. Ne1 Ng4 18. h3 Nh6 19. Nd3 Nxd3 20. Qxd3 f5 21. Qc3 fxe4 22. Nxe4 Nf5 23. Ra5 Nd4 24. Re1 Bf5 25. Kh2 Bxe4 26. Bxe4 Rxf2+ 27. Kh1 Ra2 28. Rxa8+ Rxa8 29. Qd3 g6 30. Rf1 Kg7 31. h4 Rf8 32. Rxf8 Qxf8 33. h5 Qf6 34. hxg6 hxg6 35. Kg2 Qg5 36.
b6 Nf5 37. Bxf5 Qxf5 38. Qa3 Qe4+ 39. Kh3 Qxc4 40. Qa7 Qxd5 41. Qb8 Qe6+ 42. Kg2 Qd5+ 43. Kh3 c4 44. Qc7+ Kf6 45. Qd8+ Kf5 46. Qd7+ Ke4 47.
Qg4+ Ke3 48. Qg5+ Ke2 49. Qg4+ Kd2 50. Qg5+ Kc3 51. Qc1+ Kb4 52. Qb2+ Kc5 53. Qa3+ Kxb6 54. Qb4+ Kc6 55. Qa4+ b5 56. Qa6+ Kc5 57. Qa7+ Kb4 58.
Qa1 Qd4 59. Qb1+ Kc5 60. Qf1 c3 61. Qa1 c2 62. Qa7+ Kc4 63. Qa2+ Kc3 64. Qa1+ Kd2 65. Qa5+ b4 0-1

[Event "Late-Titled-Tuesday-Blitz-October-17-2023"]
[Site "Chess.com"]
[Date "2023.10.17"]
[Round "7"]
[White "Aariow"]
[Black "GoltsevDmitry2000"]
[Result "0-1"]
[WhiteElo "2465"]
[BlackElo "2653"]
[TimeControl "180+1"]
[EndTime "15:16:57 PDT"]
[Termination "GoltsevDmitry2000 won by resignation"]

1. d4 Nf6 2. c4 e6 3. Nc3 Bb4 4. Qc2 d5 5. cxd5 exd5 6. Bg5 O-O 7. e3 c6 8. Bd3 h6 9. Bh4 Re8 10. Ne2 Bd6 11. O-O Bxh2+ 12. Kh1 Bd6 13. e4 dxe4 14. Nxe4 Be7 15. Bg3 Nxe4 16. Bxe4 Nd7 17. d5 cxd5 18. Bc7 dxe4 19. Bxd8 Bxd8 20. Rad1 Nf6 21. Ng3 Bb6 22. Rd6 Ng4 23. Nh5 Bf5 24. f3 exf3 25. Qc3 fxg2+ 26. Kxg2 Re2+ 27. Kf3 Re3+ 28. Qxe3 Nxe3 29. Rg1 Bg4+ 30. Rxg4 Nxg4 31. Kxg4 Rd8 32. Rxd8+ Bxd8 33. Nf4 Bc7 34. Nd3 Bd6 35. Nf2 g6 36. Ne4 h5+ 37. Kg5 Be7+ 38. Kf4 f5 39. Nc3 Kf7 40. Nb5 a6 41. Nd4 Kf6 42. Nc2 Bd6+ 43. Kf3 h4 44. Ne3 h3 45. Nd5+ Ke5 46. Ne3 h2 47. Kg2 Ke4 48. Nc4 Bc7 49. Nd2+ Kd3 50. Nf3 Kc2 51. Nh4 Kxb2 52.
Nxg6 Kxa2 53. Ne7 f4 54. Kxh2 Kb2 55. Nd5 Bd6 56. Nb6 Kb3 57. Kg2 a5 58. Nc8 Bc5 59. Kf3 a4 60. Kxf4 a3 61. Ke4 a2 62. Nb6 Bxb6 0-1